 Seeded DCSS version 0.30-a0-930-gb9d0489357 (webtiles) character file.

Game seed: 7066997891792816003 (custom seed)

4571 GigaChad the Cleaver (level 10, -2/79 HPs)
             Began as a Formicid Fighter on Mar 23, 2023.
             Was an Elder of Okawaru.
             Slain by a two-headed ogre
             ... wielding a +0 giant club
              (12 damage)
             ... on level 9 of the Dungeon.
             The game lasted 00:10:17 (9007 turns).

GigaChad the Cleaver (Formicid Fighter)             Turns: 9007, Time: 00:10:17

Health: -2/79      AC: 11    Str: 26    XL:     10   Next: 68%
Magic:  10/10      EV: 14    Int:  7    God:    Okawaru [****..]
Gold:   431        SH:  9    Dex: 17    Spells: 9/9 levels left

rFire   . . .      SeeInvis +    J - +7 battleaxe
rCold   . . .      Faith    +    c - +3 buckler
rNeg    . . .      Spirit   .    o - +0 chain mail
rPois   +          Reflect  .    (helmet unavailable)
rElec   .          Rampage  .    (no cloak)
rCorr   .                        y - +0 pair of gloves "Mesch" {Dex+4}
Will    +....                    (no boots) Stlth
                                 j - amulet of faith
HPRegen 0.33/turn                h - +5 ring of evasion
MPRegen 0.12/turn                r - ring of poison resistance

@: no status effects
A: permanent stasis, dig shafts and tunnels, antennae 3, four strong arms
a: Dig, Shaft Self, Renounce Religion, Heroism, Finesse


You were on level 9 of the Dungeon.
You worshipped Okawaru.
Okawaru was greatly pleased with you.
You visited 2 branches of the dungeon, and saw 10 of its levels.
You also visited: Sewer.

You collected 431 gold pieces.

Inventory:

Hand Weapons
 a - a +0 war axe
 g - a +0 lajatang
 G - a +0 glaive
 J - a +7 battleaxe (weapon)
 K - a +1 great sword
Armour
 b - a +0 scale mail
 c - a +3 buckler (worn)
 l - a +1 pair of gloves
 o - a +0 chain mail (worn)
 y - the +0 pair of gloves "Mesch" (worn) {Dex+4}
   (You acquired it on level 7 of the Dungeon)

   Dex:       It affects your dexterity (+4).
Jewellery
 f - a ring of willpower
 h - a +5 ring of evasion (left hand)
 j - an amulet of faith (around neck)
 r - a ring of poison resistance (right hand)
 z - a +5 ring of evasion
 C - a +5 ring of evasion
 D - a ring of resist corrosion
Wands
 s - a wand of mindburst (15)
Scrolls
 e - 10 scrolls of identify
 m - a scroll of noise
 p - 5 scrolls of teleportation
 w - 2 scrolls of poison
 A - 2 scrolls of immolation {unknown}
 E - 2 scrolls of amnesia
 F - a scroll of enchant weapon
 H - 4 scrolls of silence {unknown}
Potions
 d - 5 potions of might
 i - 2 potions of ambrosia {unknown}
 k - 2 potions of degeneration {unknown}
 n - 3 potions of mutation {unknown}
 q - 4 potions of heal wounds {unknown}
 t - 3 potions of invisibility {unknown}
 u - 3 potions of curing {unknown}
 v - 2 potions of flight {unknown}
 x - a potion of berserk rage {unknown}
 B - 2 potions of lignification {unknown}
 I - a potion of brilliance {unknown}


   Skills:
 * Level 7.5 Fighting
 + Level 10.1 Axes
 + Level 7.0 Armour
 + Level 2.6 Dodging
 * Level 5.7 Stealth
 + Level 7.8 Shields


You had 9 spell levels left.
You didn't know any spells.
Your spell library contained the following spells:

 Spells                   Type           Power      Damage    Failure   Level
 Slow                     Hex            0%         N/A       96%         1
 Cigotuvi's Dreadful Rot  Necr/Pois/Air  0%         N/A       99%         2
 Poisonous Vapours        Pois/Air       0%         N/A       99%         2
 Confusing Touch          Hex            0%         N/A       100%        3
 Mephitic Cloud           Conj/Pois/Air  0%         N/A       100%        3
 Vampiric Draining        Necr           0%         2d6       100%        3
 Leda's Liquefaction      Hex/Erth       0%         N/A       100%        4
 Lee's Rapid Deconstruct  Erth           0%         3d4*      100%        5
 Statue Form              Tmut/Erth      0%         N/A       100%        6


Dungeon Overview and Level Annotations

Branches:
Dungeon (9/15)             Temple (1/1) D:5           Sewer (visited)
   Lair: D:8-11         Orc: D:9-12

Altars:
Ashenzari
Cheibriados
Dithmenos
Elyvilon
Fedhas
Gozag
Hepliaklqana
Kikubaaqudgha
Makhleb
Nemelex Xobeh
Okawaru
Qazlal
Ru
Sif Muna
Trog
Uskayaw
Vehumet
Wu Jian
Xom
Yredelemnul
Zin
The Shining One

Shops:
D:1 *?*[   D:5 *


Innate Abilities, Weirdness & Mutations

You cannot be hasted, slowed, berserked, paralysed or teleported.
You can dig through walls and to a lower floor.
You have a pair of large antennae on your head. (SInv)
Your four strong arms can wield two-handed weapons with a shield.


Message History

A two-headed ogre comes into view.
It is wielding a +0 giant club and a +0 giant spiked club.
The two-headed ogre shouts in stereo!
A two-headed ogre is nearby!
A two-headed ogre is nearby!
The two-headed ogre barely misses you.
The two-headed ogre hits you with a +0 giant spiked club!
A two-headed ogre is nearby!
You slash the two-headed ogre!
The two-headed ogre is lightly wounded.
The two-headed ogre barely misses you. x2
A two-headed ogre is nearby!
You slash the two-headed ogre!
The two-headed ogre is heavily wounded.
The two-headed ogre completely misses you.
The two-headed ogre hits you with a +0 giant spiked club!
A two-headed ogre is nearby!
You slash the two-headed ogre!
The two-headed ogre is heavily wounded.
The two-headed ogre barely misses you. x2
You hit the two-headed ogre.
The two-headed ogre is severely wounded.
You hit the two-headed ogre.
The two-headed ogre is severely wounded.
The two-headed ogre hits you with a +0 giant club!
The two-headed ogre hits you with a +0 giant spiked club!
You are too injured to fight recklessly!
You are too injured to fight recklessly!
A two-headed ogre is nearby!
The two-headed ogre misses you.
The two-headed ogre hits you with a +0 giant spiked club!
You slash the two-headed ogre!
The two-headed ogre is almost dead.
The two-headed ogre hits you with a +0 giant club!
* * * LOW HITPOINT WARNING * * *
The two-headed ogre hits you with a +0 giant spiked club!
* * * LOW HITPOINT WARNING * * *
You hit the two-headed ogre.
The two-headed ogre is almost dead.
The two-headed ogre hits you with a +0 giant club!
You die...

#...# #...# #...#
#...## #....#
#....# #....#
#.O@.## #.....# .#
#.....# .. #.....#
#.# #.....## ..#
###......###..##
.........#.....##
.................##
.$.....###....##...


You could see a two-headed ogre.

Vanquished Creatures
  Pikel (D:7)
  Eustachio (D:6)
  Sigmund (D:2)
  A wraith (D:9)
  2 wyverns (D:8)
  An acid dragon (D:9)
  5 water moccasins
  2 ice beasts
  2 ogres (D:4)
  3 orc warriors
  3 black bears
  A centaur (D:7)
  2 phantoms
  A lemure (D:7)
  3 bullfrogs
  2 gnoll sergeants
  2 scorpions
  4 wights (D:7)
  A howler monkey (D:7)
  2 hounds
  A jelly (D:7)
  5 orc priests
  Ijyb (D:4)
  5 iguanas
  7 orc wizards
  11 gnolls
  13 adders
  A river rat (D:3)
  2 white imps
  3 ufetubi
  2 worms (D:3)
  5 dart slugs
  22 orcs
  5 endoplasms
  5 giant cockroaches
  11 goblins
  8 hobgoblins
  9 jackals
  4 quokkas
  3 ball pythons (D:1)
  9 bats
  6 frilled lizards
  8 rats
186 creatures vanquished.

Notes
Turn   | Place    | Note
-------+----------+-------------------------------------------
     0 | D:1      | GigaChad the Formicid Fighter began the quest for the Orb.
     0 | D:1      | Reached XP level 1. HP: 18/18 MP: 1/1
    52 | D:1      | Reached XP level 2. HP: 24/24 MP: 2/2
    81 | D:1      | Found Coneu's Antique Armour Shop.
   162 | D:1      | Found Xafienaq's General Store.
   209 | D:1      | Reached XP level 3. HP: 24/30 MP: 3/3
   369 | D:1      | Found Lacud's Magic Scroll Boutique.
   468 | D:1      | Found Toklaug's Assorted Antiques.
   804 | D:2      | Noticed Sigmund
   810 | D:2      | Killed Sigmund
   811 | D:2      | Reached skill level 4 in Axes
   811 | D:2      | Reached XP level 4. HP: 32/38 MP: 4/4
   811 | D:2      | Reached XP level 5. HP: 36/43 MP: 5/5
   811 | D:2      | Reached XP level 6. HP: 41/49 MP: 6/6
   843 | D:2      | Found a faded altar of an unknown god.
  1379 | D:3      | Reached skill level 1 in Dodging
  1585 | D:3      | Found a glowing drain.
  1595 | Sewer    | Entered a sewer
  1637 | Sewer    | Noticed a water moccasin
  1653 | Sewer    | Killed a water moccasin
  1654 | Sewer    | Reached skill level 5 in Axes
  1654 | Sewer    | Reached skill level 5 in Shields
  1654 | Sewer    | Reached XP level 7. HP: 26/55 MP: 7/7
  2238 | D:4      | Noticed Ijyb
  2251 | D:4      | Killed Ijyb
  2394 | D:4      | Reached skill level 5 in Fighting
  2394 | D:4      | Reached skill level 6 in Axes
  2394 | D:4      | Reached XP level 8. HP: 47/62 MP: 8/8
  3743 | D:5      | Entered Level 5 of the Dungeon
  3743 | D:5      | Found a staircase to the Ecumenical Temple.
  3770 | Temple   | Entered the Ecumenical Temple
  3966 | Temple   | Became a worshipper of Warmaster Okawaru
  4293 | D:5      | Reached skill level 7 in Axes
  4306 | D:5      | Reached skill level 5 in Armour
  5042 | D:5      | Found Byufial's Serpentskin Sales.
  5052 | D:5      | Reached * piety under Okawaru
  5053 | D:5      | Reached skill level 1 in Stealth
  5157 | D:6      | Reached XP level 9. HP: 60/68 MP: 9/9
  5272 | D:6      | Reached skill level 8 in Axes
  5370 | D:6      | Reached ** piety under Okawaru
  5399 | D:6      | Noticed Eustachio
  5436 | D:6      | Killed Eustachio
  6313 | D:7      | Noticed Pikel
  6327 | D:7      | Killed Pikel
  7225 | D:7      | Reached XP level 10. HP: 74/77 MP: 10/10
  7228 | D:7      | Reached skill level 9 in Axes
  7350 | D:7      | Identified a scroll of acquirement
  7351 | D:7      | Acquired the +0 pair of gloves "Mesch" {Dex+4}
  7382 | D:7      | Reached *** piety under Okawaru
  8155 | D:8      | Reached skill level 5 in Stealth
  8872 | D:9      | Reached **** piety under Okawaru
  8886 | D:9      | Reached skill level 10 in Axes
  8895 | D:9      | Found a shadowy altar of Dithmenos.
  8996 | D:9      | Noticed a two-headed ogre
  9007 | D:9      | Slain by a two-headed ogre

Illustrated notes

Levels and vault maps discovered:
D:1:      dpeg_arrival_tiny_d, layout_basic, serial_shops, shop, shop,
          nicolae_shop_behind_doors, shop
D:2:      layout_rooms, hellmonk_ecumenical_altar_zigzags, uniq_sigmund
D:3:      layout_rooms, lightli_sewer_entry_pipes, corexii_hall_statues_t
D:4:      kennysheep_the_goblin_king, layout_layer_cave, minmay_crystal_water,
          roderic_filled_cross
D:5:      layout_cave_pods, minmay_temple_entry_butterflies, guppyfry_shop_venom
D:6:      layout_basic, uniq_eustachio
D:7:      layout_layer_cave, minmay_holes, uniq_pikel
D:8:      layout_gridville
D:9:      layout_cave_pods, nicolae_dithmenos_the_darkroom, lair_entry_dummy,
          serial_shops, nicolae_lakefront_shop, minivault_28
Temple:   roderic_octagonal_lattice_temple

Skill      XL: |  1  2  3  4  5  6  7  8  9 10 |
---------------+-------------------------------+-----
Fighting       | 4 5 6 7 |  7.5
Axes           | 4 5 6 7 8 10 | 10.1
Armour         | 4 5 6 7 |  7.0
Dodging        | 1 2 |  2.6
Shields        | 5 6 7 |  7.8
Stealth        | 1 4 5 |  5.7

Action                     |  1- 3 |  4- 6 |  7- 9 | 10-12 || total
---------------------------+-------+-------+-------+-------++-------
  Melee: War axe           |    64 |   155 |   297 |     9 ||   525
         Battleaxe         |       |       |       |    89 ||    89
    Use: Scroll            |       |     2 |     6 |     6 ||    14
 Armour: Scale mail        |    24 |    10 |       |       ||    34
         Chain mail        |       |    54 |   133 |    24 ||   211
  Dodge: Dodged            |    25 |   131 |   224 |    50 ||   430
  Block: Buckler           |    22 |    43 |   152 |    49 ||   266

Table legend: (Time is in decaauts)
 A = Elapsed time spent in this place.
 B = Non-inter-level travel time spent in this place.
 C = Inter-level travel time spent in this place.
 D = Time resting spent in this place.
 E = Time spent auto-exploring this place.
 F = Levels seen in this place.
 G = Mean time per level.
                   A        B        C        D        E       F      G
               +--------+--------+--------+--------+--------+-----+--------+
         Total |   9192 |   9067 |    125 |   1344 |   6194 |  11 |  835.6 |
       Dungeon |   8450 |   8344 |    106 |   1047 |   5897 |   9 |  938.9 |
        Temple |    297 |    278 |     19 |      0 |    241 |   1 |  297.0 |
         Sewer |    445 |    445 |      0 |    297 |     56 |   1 |  445.0 |
               +--------+--------+--------+--------+--------+-----+--------+

Top non-repeatable levels by time:
     D:6: 1676 daAuts
     D:4: 1545 daAuts
     D:7: 1349 daAuts
     D:5: 1118 daAuts
     D:1: 812 daAuts
     D:8: 721 daAuts
     D:3: 592 daAuts
     D:2: 480 daAuts
   Sewer: 445 daAuts
  Temple: 297 daAuts
     D:9: 153 daAuts
